 Dungeon Crawl Stone Soup version 0.31-a0-460-g9e667d4245 (webtiles) character file.

Game seed: 5570486925913758513

13790 LeprechaunX the Mimic (level 12, -19/69 HPs)
             Began as an Octopode Shapeshifter on Aug 5, 2023.
             Was an Elder of Hepliaklqana.
             Demolished by a komodo dragon (33 damage)
             ... on level 1 of the Lair of Beasts.
             The game lasted 00:18:28 (13488 turns).

LeprechaunX the Mimic (Octopode Shapeshifter)      Turns: 13488, Time: 00:18:28

Health: -19/69     AC:  1    Str: 31    XL:     12   Next: 9%
Magic:  12/12      EV: 16    Int: 20    God:    Hepliaklqana [****..]
Gold:   714        SH:  0    Dex: 19    Spells: 11/11 levels left

rFire   . . .        y - +10 trident "Iqeipt" {speed, rElec rPois Int+4 Stlth+}
rCold   . . .        (no shield)
rNeg    . . .        (helmet currently unavailable)
rPois   +            c - amulet of the acrobat
rElec   +            j - +6 ring of strength
rCorr   .            m - +6 ring of strength
SInv    .            q - +6 ring of intelligence
Will    .....        I - +6 ring of dexterity
Stlth   ++++         (no ring)
HPRegen 0.31/turn    (no ring)
MPRegen 0.13/turn    (no ring)
                     (no ring)

%: acrobat
@: beast-form
A: beast (slay +7), reduced essence, almost no armour, amphibious, 8 rings,
camouflage 1, gelatinous body 1, (nimble swimmer 1), tentacles
a: Begin Untransformation, Renounce Religion, Recall Ancestor, Ancestor
Identity, Transference, Idealise


You were on level 1 of the Lair of Beasts.
You worshipped Hepliaklqana.
Hepliaklqana was greatly pleased with you.
You were a hulking beast.
You visited 3 branches of the dungeon, and saw 13 of its levels.

You collected 714 gold pieces.

Inventory:

Hand Weapons
 u - the +5 rapier of Fatigue {freeze, rPois rF+ Int+3}
   (You took it off an orc wizard on level 6 of the Dungeon)

   Int:       It affects your intelligence (+3).
   rF:        It protects you from fire.
   rPois:     It protects you from poison.
 y - the +10 trident "Iqeipt" (weapon) {speed, rElec rPois Int+4 Stlth+}
   (You found it on level 8 of the Dungeon)

   Int:       It affects your intelligence (+4).
   rElec:     It insulates you from electricity.
   rPois:     It protects you from poison.
   Stlth:     It makes you more stealthy.
Missiles
 f - 22 poisoned darts (quivered)
 w - 2 throwing nets
Armour
 g - a +0 buckler
Jewellery
 c - an amulet of the acrobat (around mantle)
 j - a +6 ring of strength (left tentacle)
 m - a +6 ring of strength (right tentacle)
 q - a +6 ring of intelligence (on tentacle)
 s - a ring of ice
 G - an amulet of faith
 I - a +6 ring of dexterity (on tentacle)
Talismans
 b - a beast talisman (active)
 K - a maw talisman
Wands
 r - a wand of iceblast (16)
 v - a wand of mindburst (39)
 x - a wand of acid (3)
 L - a wand of flame (5)
Scrolls
 d - a scroll of fear
 e - 2 scrolls of revelation
 h - 6 scrolls of teleportation
 i - 3 scrolls of blinking
 l - 3 scrolls of vulnerability
 p - 2 scrolls of enchant weapon
 t - 3 scrolls of immolation
 C - a scroll of poison
 D - a scroll of acquirement {unknown}
 E - a scroll of summoning {unknown}
 H - 3 scrolls of identify
Potions
 a - a potion of heal wounds {unknown}
 k - 5 potions of enlightenment
 n - a potion of haste {unknown}
 o - 8 potions of curing {unknown}
 z - a potion of mutation {unknown}
 A - 3 potions of attraction {unknown}
 B - a potion of cancellation {unknown}
 F - 2 potions of brilliance {unknown}
 J - a potion of lignification


   Skills:
 - Level 5.0 Fighting
 - Level 5.0 Dodging
 - Level 10.0 Unarmed Combat
 + Level 13.2 Shapeshifting


You had 11 spell levels left.
You didn't know any spells.
Your spell library contained the following spells:

 Spells                   Type           Power      Damage    Failure   Level
 Apportation              Tloc           0%         N/A       19%         1
 Necrotise                Necr           0%         1d4       19%         1
 Summon Small Mammal      Summ           0%         N/A       19%         1
 Cigotuvi's Dreadful Rot  Necr/Pois/Air  0%         N/A       28%         2
 Lesser Beckoning         Tloc           0%         N/A       28%         2
 Scorch                   Fire           0%         2d5       28%         2
 Call Canine Familiar     Summ           0%         N/A       50%         3
 Gell's Gravitas          Tloc           0%         N/A       50%         3
 Summon Guardian Golem    Hex/Summ       0%         N/A       50%         3
 Teleport Other           Tloc           0%         N/A       50%         3
 Tukima's Dance           Hex            0%         N/A       50%         3
 Dispel Undead            Necr           0%         3d6       88%         4
 Flame Wave               Conj/Fire      0%         2d4       88%         4
 Passage of Golubria      Tloc           0%         N/A       88%         4
 Yara's Violent Unravell  Hex/Tmut       0%         3d3       99%         5
 Death Channel            Necr           0%         N/A       100%        6
 Summon Cactus Giant      Summ           0%         N/A       100%        6


Dungeon Overview and Level Annotations

Branches:
Dungeon (10/15)            Temple (1/1) D:4            Lair (2/5) D:8
  Swamp: Lair:2-3    Shoals: Lair:2-3     Snake: Lair:2-3    Spider: Lair:2-3
    Orc: D:9-12

Altars:
Ashenzari
Cheibriados
Dithmenos
Elyvilon
Fedhas
Gozag
Hepliaklqana
Kikubaaqudgha
Makhleb
Nemelex Xobeh
Okawaru
Qazlal
Ru
Sif Muna
Trog
Uskayaw
Vehumet
Wu Jian
Xom
Yredelemnul
Zin
The Shining One

Shops:
D:5 (   D:6 (

Annotations:
D:5 1 runed translucent door, Crazy Yiuf


Innate Abilities, Weirdness & Mutations

You are a hulking beast.
Your limbs bulge with bestial killing power. (Slay +7)
Your life essence is reduced to manifest your ancestor. (-10% HP)
You cannot wear most types of armour.
You are amphibious.
You can wear up to eight rings at the same time.
Your skin changes colour to match your surroundings (Stealth+).
Your rubbery body absorbs attacks. (AC +1, EV +1)
((You are camouflaged when in or above water. (Stealth+)))
You have tentacles for arms and can constrict up to eight enemies at once.


Message History

Key pressed, stopping explore.
Key pressed, stopping explore.
Done exploring.
Done exploring.
Done exploring.
Done exploring.
Search for what [Enter for "lignification", or ? for help]? .
(D) Dungeon (T) Temple (L) Lair
Where to? (Enter - Lair:1, ? - help)
You swap places.
There is a stone staircase leading down here.
You climb downwards.
You feel an oppressive heat about you.
There is an entrance to a volcano on this level.
Hurry and find it before the entrance collapses!
Found a stone staircase leading up.
There is a stone staircase leading up here.
The yak bellows! x3; You hear a loud, deep croak!
The yak attacks as you move away! The yak completely misses you.
Yayatum barely misses the yak.
There is a stone staircase leading up here.
Yayatum gestures at the yak while chanting.
The puff of frost hits the yak!
The yak misses you. The komodo dragon bites you!
You climb upwards.
There is a stone staircase leading down here.
You impale the komodo dragon!!
The komodo dragon is moderately wounded.
You hit the komodo dragon. You tentacle-slap the komodo dragon.
The komodo dragon is heavily wounded.
The yak gores you! The komodo dragon bites you.
You puncture the komodo dragon! You squeeze the komodo dragon.
The komodo dragon is severely wounded.
The yak completely misses you. The komodo dragon bites you!!
* * * LOW HITPOINT WARNING * * *
You hit the komodo dragon.
The komodo dragon is almost dead.
The yak gores you.
* * * LOW HITPOINT WARNING * * *
The komodo dragon bites you!!
You die...

.....^....P......###......# #
.#..#...........#.#......## ##
....#....................# ##.
..#......................######..
..###..##.................##.#..#
..# ####(.#.#..............P..##.
..####...##.###..............####
.##.....#..#.#............#..##
........#....#.lh.....##..##..###
..........####..Y......######...#
............#..........## #....
...................##...### #....
........###.........###...###....
..###...####.....#...###..##.....
...####..###PP.#.##..###.........
....# ##...#....##...#..........#
....## ##......#####......###..##


You could see a komodo dragon and a yak.

Vanquished Creatures
  A hydra (D:10)
  A boulder beetle (D:10)
  2 black mambas (Lair:1)
  3 cane toads (Lair:1)
  3 kobold demonologists (D:9)
  2 trolls (D:10)
  Grinder (D:4)
  A hornet (Lair:1)
  A slime creature (D:7)
  2 shadows
  A wyvern (D:8)
  A wraith (D:7)
  Eustachio (D:5)
  A steam dragon (D:7)
  7 yaks
  A basilisk (D:8)
  2 water moccasins
  3 orc warriors
  2 sky beasts (D:6)
  An ogre (D:7)
  2 black bears
  6 centaurs
  2 phantoms
  A kobold brigand (D:10)
  3 bullfrogs
  A gnoll sergeant (D:7)
  5 scorpions
  6 wights
  10 killer bees
  2 howler monkeys
  2 electric eels (D:8)
  3 jellies (D:3)
  3 gnoll boudas
  7 orc priests
  2 hounds (D:7)
  3 iguanas
  Natasha (twice) (D:2)
  10 orc wizards
  Robin (D:3)
  20 gnolls
  5 adders
  A white imp (D:5)
  A worm (D:5)
  3 dart slugs
  19 orcs
  11 bats
  19 endoplasms
  3 giant cockroaches
  13 hobgoblins
  3 jackals (D:1)
  11 quokkas
  4 ball pythons
  4 frilled lizards
  16 goblins
  14 kobolds
  A rat (D:2)
256 creatures vanquished.

Vanquished Creatures (collateral kills)
  Erica (Lair:1)
  A two-headed ogre (D:8)
  Maurice (D:8)
  A komodo dragon (Lair:1)
  A troll (D:10)
  3 yaks
  A basilisk (D:8)
  A water moccasin (Lair:1)
  A bullfrog (Lair:1)
  5 killer bees
  A howler monkey (D:8)
  An orc wizard (D:10)
  A gnoll (D:7)
  An orc (D:8)
  A kobold (D:10)
21 creatures vanquished.

Vanquished Creatures (others)
  4 battlemagi
  An orc wizard (D:6)
5 creatures vanquished.

Grand Total: 282 creatures vanquished

Notes
Turn   | Place    | Note
-------+----------+-------------------------------------------
     0 | D:1      | LeprechaunX the Octopode Shapeshifter began the quest for
                  | the Orb.
     0 | D:1      | Reached XP level 1. HP: 13/13 MP: 1/1
   109 | D:1      | Reached XP level 2. HP: 17/18 MP: 2/2
   224 | D:1      | Reached XP level 3. HP: 15/23 MP: 3/3
  1337 | D:2      | Noticed Natasha
  1340 | D:2      | Killed Natasha
  1341 | D:2      | Reached XP level 4. HP: 22/29 MP: 4/4
  1746 | D:2      | Found a faded altar of an unknown god.
  1752 | D:2      | Noticed Natasha
  1755 | D:2      | Killed Natasha
  2022 | D:3      | Noticed Robin
  2044 | D:3      | Killed Robin
  2045 | D:3      | Reached XP level 5. HP: 8/35 MP: 5/5
  3147 | D:3      | Reached XP level 6. HP: 41/41 MP: 6/6
  3466 | D:3      | Reached skill level 4 in Shapeshifting
  3899 | D:4      | Found a staircase to the Ecumenical Temple.
  3908 | Temple   | Entered the Ecumenical Temple
  3915 | Temple   | Became a worshipper of Hepliaklqana the Forgotten
  3977 | D:4      | Noticed Grinder
  3984 | D:4      | Reached XP level 7. HP: 12/46 MP: 7/7
  3992 | D:4      | Paralysed by Grinder for 5 turns
  3999 | D:4      | Killed Grinder
  4000 | D:4      | Reached skill level 5 in Unarmed Combat
  4444 | D:5      | Entered Level 5 of the Dungeon
  4611 | D:5      | Reached XP level 8. HP: 50/54 MP: 8/8
  4632 | D:5      | Found an ancient bone altar of Kikubaaqudgha.
  4667 | D:5      | Noticed Eustachio
  4678 | D:5      | Killed Eustachio
  4679 | D:5      | Reached skill level 5 in Dodging
  4679 | D:5      | Reached skill level 5 in Shapeshifting
  4702 | D:5      | Reached skill level 5 in Fighting
  5010 | D:5      | Found Tepsair's Weapon Shop.
  5413 | D:5      | Found a stormy altar of Qazlal.
  5447 | D:5      | Found a runed translucent door.
  5448 | D:5      | Noticed Crazy Yiuf
  5956 | D:6      | Reached skill level 6 in Shapeshifting
  5956 | D:6      | Reached XP level 9. HP: 56/61 MP: 9/9
  6115 | D:6      | Reached * piety under Hepliaklqana
  6236 | D:6      | Found Idafafy's Weapon Shop.
  6404 | D:6      | You fall into a shaft and drop 2 floors!
  6725 | D:7      | Reached skill level 7 in Shapeshifting
  6969 | D:6      | Identified the +5 rapier of Fatigue {freeze, rPois rF+
                  | Int+3}
  7088 | D:6      | Found a sacrificial altar of Ru.
  7426 | D:7      | Found a white marble altar of Elyvilon.
  7427 | D:7      | Found a sparkling altar of Nemelex Xobeh.
  7581 | D:7      | Reached XP level 10. HP: 59/59 MP: 10/10
  7902 | D:7      | Reached skill level 8 in Shapeshifting
  8105 | D:7      | Reached ** piety under Hepliaklqana
  8106 | D:7      | Remembered your ancestor Yayatum as a battlemage
  8283 | D:8      | Found a staircase to the Lair.
  8621 | D:8      | Identified the +10 trident "Iqeipt" {speed, rElec rPois
                  | Int+4 Stlth+}
  8716 | D:8      | Noticed Maurice
  8727 | D:8      | Killed Maurice
  8728 | D:8      | Reached skill level 10 in Unarmed Combat
  9057 | D:8      | Noticed a two-headed ogre
  9060 | D:8      | Killed a two-headed ogre
  9061 | D:8      | Reached skill level 9 in Shapeshifting
  9591 | D:9      | Reached skill level 10 in Shapeshifting
  9661 | D:9      | Reached XP level 11. HP: 63/63 MP: 11/11
  9933 | D:9      | Reached skill level 11 in Shapeshifting
 10424 | D:10     | Entered Level 10 of the Dungeon
 10683 | D:10     | Reached *** piety under Hepliaklqana
 10819 | D:10     | Noticed a five-headed hydra
 10826 | D:10     | Killed a five-headed hydra
 10837 | D:10     | Noticed a boulder beetle
 11004 | D:10     | Killed a boulder beetle
 11005 | D:10     | Reached skill level 12 in Shapeshifting
 11683 | Lair:1   | Entered Level 1 of the Lair of Beasts
 12123 | Lair:1   | Reached **** piety under Hepliaklqana
 12181 | Lair:1   | Noticed Erica
 12197 | Lair:1   | Killed Erica
 12383 | Lair:1   | Reached skill level 13 in Shapeshifting
 12383 | Lair:1   | Reached XP level 12. HP: 46/69 MP: 12/12
 13488 | Lair:1   | Demolished by a komodo dragon

Illustrated notes

Levels and vault maps discovered:
D:1:      lightli_arrival_statuegarden, layout_loops_ring
D:2:      layout_loops_corners, hellmonk_ecumenical_altar_slurped_away,
          roderic_serpentine_path, grunt_decor_clamped,
          chequers_serial_rivers_room_a, chequers_jeans, uniq_natasha
D:3:      cheibrodos_fertilizer, layout_loops_corners, serial_bayou,
          serial_bayou_pond_b, serial_bayou_shore_a, serial_bayou_lagoon_a,
          serial_bayou_lagoon_b, serial_bayou_lake_a, uniq_robin
D:4:      layout_rooms, minmay_temple_entry_junction, uniq_grinder
D:5:      layout_loops_ring, kiku_gazebo_garden_becter,
          nicolae_qazlal_scattered_showers, serial_shops, shop, uniq_eustachio,
          uniq_crazy_yiuf_cottage
D:6:      layout_basic, kennysheep_mini, serial_shops, shop
D:7:      layout_gridville, mainiacjoe_overflow_divided_tiny, kb_rosetta
D:8:      layout_loops_corners, david_lair_generic, water_maze_lemuel,
          uniq_maurice
D:9:      layout_basic
D:10:     layout_irregular_city, minmay_three_doors
Temple:   minmay_crystal_spiral_temple
Lair:1:   layout_layer_cave, serial_bayou_pond_d, uniq_erica
Lair:2:   layout_chaotic_city, nicolae_volcano_entry_two_sided,
          cheibrodos_lair_lostbears, grunt_megastairs_3, lemuel_fruit_fields

Skill      XL: |  1  2  3  4  5  6  7  8  9 10 11 |
---------------+----------------------------------+-----
Fighting       | 2 3 4 5 |  5.0
Dodging        | 3 4 5 |  5.0
Unarmed Combat | 4 5 6 9 10 | 10.0
Shapeshifting  | 4 6 7 10 13 | 13.2

Action                     |  1- 3 |  4- 6 |  7- 9 | 10-12 || total
---------------------------+-------+-------+-------+-------++-------
  Melee: Unarmed           |    57 |   126 |   160 |    25 ||   368
         Tentacles         |     9 |    20 |    30 |    35 ||    94
         Constrict         |    17 |    32 |    41 |    28 ||   118
         Punch             |     1 |     1 |    12 |     8 ||    22
         Trident           |       |       |       |   149 ||   149
  Throw: Dart              |       |       |     1 |     8 ||     9
 Invoke: Recall Ancestor   |       |       |     1 |       ||     1
         Ancestor Life: Ba |       |       |       |     1 ||     1
    Use: Scroll            |       |     5 |     2 |     2 ||     9
         Potion            |       |       |     1 |       ||     1
   Stab: Sleeping          |     6 |     6 |     4 |     2 ||    18
         Distracted        |       |     1 |       |     2 ||     3
 Armour: Skin              |     7 |     3 |    14 |     2 ||    26
  Dodge: Dodged            |    31 |    77 |    97 |    70 ||   275

Table legend: (Time is in decaauts)
 A = Elapsed time spent in this place.
 B = Non-inter-level travel time spent in this place.
 C = Inter-level travel time spent in this place.
 D = Time resting spent in this place.
 E = Time spent auto-exploring this place.
 F = Levels seen in this place.
 G = Mean time per level.
                   A        B        C        D        E       F      G
               +--------+--------+--------+--------+--------+-----+--------+
         Total |  13438 |  12826 |    612 |   1870 |   9163 |  13 | 1033.7 |
       Dungeon |  11617 |  11050 |    567 |   1754 |   7616 |  10 | 1161.7 |
        Temple |     14 |      8 |      6 |      0 |      0 |   1 |   14.0 |
          Lair |   1805 |   1766 |     39 |    116 |   1547 |   2 |  902.5 |
               +--------+--------+--------+--------+--------+-----+--------+

Top non-repeatable levels by time:
  Lair:1: 1802 daAuts
     D:3: 1559 daAuts
     D:7: 1348 daAuts
     D:2: 1322 daAuts
     D:5: 1189 daAuts
    D:10: 1189 daAuts
     D:9: 1135 daAuts
     D:6: 1119 daAuts
     D:8: 1117 daAuts
     D:1: 890 daAuts
     D:4: 745 daAuts
  Temple: 14 daAuts
  Lair:2: 3 daAuts
